 Dungeon Sprint DCSS version 0.22-a0-75-g1fede22 (webtiles) character file.

41289 Kidiri the Tortoise (level 13, -33/138 HPs)
             Began as a Minotaur Fighter on Jan 12, 2018.
             Was a High Priest of Okawaru.
             Killed from afar by a lich (42 damage)
             ... with a crystal spear
             ... in the Dungeon (Sprint IX: "|||||||||||||||||||||||||||||").
             The game lasted 00:19:42 (3468 turns).

Kidiri the Tortoise (Minotaur Fighter)              Turns: 3468, Time: 00:19:43

Health: -33/138    AC: 31    Str: 28    XL:     13   Next: 79%
Magic:  4/12       EV: 14    Int:  5    God:    Okawaru [*****.]
Gold:   929        SH: 16    Dex: 11    Spells: 12/12 levels left

rFire    + . .     SeeInvis .   w - +7 falchion "Jonahau" {slice, *Drain +Blink +Rage rC++}
rCold    + + +     Gourm    .   D - +0 shield {reflect}
rNeg     . . .     Faith    .   F - +4 plate armour {rC+}
rPois    .         Spirit   .   (helmet restricted)
rElec    .         Reflect  +   s - +1 cloak
rCorr    .         Harm     .   L - +2 pair of gloves
MR       .....     NoTele   +   r - +2 pair of boots
Stlth    ..........             (no amulet)
HPRegen  0.33/turn              u - +3 ring of strength
MPRegen  0.13/turn              v - +2 ring of protection

@: corroded, very slightly contaminated, drained
A: retaliatory headbutt, hooves 1, horns 2, fire resistance 1
a: Heroism, Finesse, Renounce Religion, Evoke Blink, Evoke Berserk Rage


You were in the Dungeon.
You worshipped Okawaru.
Okawaru was extremely pleased with you.
You were not hungry.

You visited 1 branch You collected 1925 gold pieces.
You spent 996 gold pieces at shops.

Inventory:

Hand Weapons
 c - a +1 falchion of electrocution
 q - a +2 scimitar of slicing
 w - the +7 falchion "Jonahau" (weapon) {slice, *Drain +Blink +Rage rC++}
   (Okawaru gifted it to you in the Dungeon)

   It inflicts extra damage upon your enemies.
   It greatly protects you from cold.
   It lets you blink.
   It lets you go berserk.
   It causes draining when unequipped.
Missiles
 a - 14 tomahawks (quivered)
 b - 6 exploding tomahawks
 g - 8 poisoned tomahawks
 j - 8 poisoned javelins
 E - 33 javelins
Armour
 r - a +2 pair of boots (worn)
 s - a +1 cloak (worn)
 z - a +2 large shield of resistance
 D - a +0 shield of reflection (worn)
 F - a +4 plate armour of cold resistance (worn)
 K - the +2 shield of Resistance {rF+ rC+ MR+}
   (You found it in the Dungeon)

   It protects you from fire.
   It protects you from cold.
   It affects your resistance to hostile enchantments.
 L - a +2 pair of gloves (worn)
Jewellery
 u - a +3 ring of strength (left hand)
 v - a +2 ring of protection (right hand)
 G - an uncursed ring of ice
 H - an uncursed ring of protection from cold
 I - an uncursed ring of protection from cold
 J - an uncursed ring of protection from fire
Wands
 p - a wand of acid (10)
Scrolls
 k - 2 scrolls of blinking
 n - 4 scrolls of remove curse
 o - 3 scrolls of amnesia
 x - 2 scrolls of identify
 y - 5 scrolls of enchant weapon
 B - 2 scrolls of fear
Potions
 d - 3 potions of might
 e - a potion of invisibility
 h - 2 potions of haste
 i - 4 potions of magic
 m - 3 potions of curing
 C - a potion of flight
 M - 2 potions of heal wounds
Comestibles
 f - 11 rations
 t - 2 chunks of flesh


   Skills:
 * Level 19.4(19.1) Fighting
 * Level 19.3(18.9) Long Blades
 + Level 12.3(12.0) Throwing
 * Level 19.4(19.0) Armour
 + Level 13.2(12.9) Dodging
 * Level 19.4(19.0) Shields
 + Level 1.1(0.9) Invocations
 + Level 0.9(0.7) Evocations


You had 12 spell levels left.
You didn't know any spells.

Dungeon Overview and Level Annotations

Branches:
Dungeon (1/1)

Altars:
Cheibriados
Dithmenos
Elyvilon
Fedhas
Gozag
Hepliaklqana
Kikubaaqudgha
Makhleb
Nemelex Xobeh
Okawaru
Qazlal
Ru
Sif Muna
Trog
Uskayaw
Vehumet
Wu Jian
Xom
Yredelemnul
Zin
The Shining One
Beogh
Jiyva
Lugonu

Shops:
D ([?%


Innate Abilities, Weirdness & Mutations

You reflexively headbutt those who attack you in melee.
You have a pair of horns on your head.
You have large cloven feet.
Your flesh is heat resistant. (rF+)


Message History

The lich touches you.
You feel drained.
Things that are here:
a great sword of flaming; a fire giant corpse You closely miss the lich.
Your headbutt misses the lich. The lich casts a spell at you.
The crystal spear hits you!
* * * LOW HITPOINT WARNING * * *
You barely miss the lich.
You headbutt the lich, but do no damage.
You block the lich's attack.
Unknown command.
Blink to where?
Press: ? - help, Dir - move target cursor You are very lightly contaminated with residual magic.
As you read the scroll of blinking, it crumbles to dust.
As you read the scroll of fog, it crumbles to dust.
The scroll dissolves into smoke.
The lich casts a spell at you. The crystal spear hits you!
You die...

▓.▓.▓.▓.▓.▓.▓.▓.▓.
▓.▓.▓.▓.▓.▓.▓.▓.▓.
▓.▓.▓.▓.▓.▓.▓.▓.▓.
▓.▓.▓.▓.▓.▓.▓.▓.▓.
▓.▓.▓.▓.▓.▓.▓.▓.▓.
▓.▓.▓.▓.▓.▓.▓.▓.▓.
▓.▓.▓.▓.▓.▓.▓.▓.▓'
▓.▓.▓.▓.▓.▓.▓.▓.▓.
▓@▓.▓.▓.▓'▓.▓.▓.▓.
▓.▓.▓.▓.▓.▓)▓.▓.▓.
▓§▓.▓(▓.▓.▓.▓.▓.▓.
▓L▓.▓.▓.▓.▓.▓.▓)▓.
▓§▓.▓.▓.▓.▓.▓'▓(▓.
▓§▓.▓(▓.▓.▓.▓)▓.▓)
▓§▓.▓%▓.▓)▓.▓)▓.▓.
▓§▓.▓)▓[▓)▓.▓)▓.▓.
▓§▓.▓)▓[▓)▓.▓)▓.▓.


You could see a lich.

Vanquished Creatures
  Donald (D)
  3 fire giants (D)
  A frost giant (D)
  2 stone giants (D)
  A spark wasp (D)
  A merfolk javelineer (D)
  Snorg (D)
  A fire dragon (D)
  A merfolk impaler (D)
  A yaktaur captain (D)
  A great orb of eyes (D)
  2 hydras (D)
  Erolcha (D)
  A naga warrior (D)
  An ice dragon (D)
  A centaur warrior (D)
  2 two-headed ogres (D)
  An alligator (D)
  4 orc high priests (D)
  A naga sharpshooter (D)
  Urug (D)
  A hell knight (D)
  A wizard (D)
  A shambling mangrove (D)
  3 orc knights (D)
  2 orc sorcerers (D)
  A manticore (D)
  4 ugly things (D)
  4 black mambas (D)
  A naga mage (D)
  2 spiny frogs (D)
  A rime drake (D)
  3 demonic crawlers (D)
  2 komodo dragons (D)
  2 trolls (D)
  2 jumping spiders (D)
  A merfolk (D)
  A tyrant leech (D)
  2 bog bodies (D)
  A slime creature (D)
  A dream sheep (D)
  A snapping turtle (D)
  5 hippogriffs (D)
  2 redbacks (D)
  A vampire (D)
  A tarantella (D)
  A yak (D)
  A wyvern (D)
  Grum (D)
  3 wargs (D)
  An insubstantial wisp (D)
  A naga (D)
  3 porcupines (D)
  A hell hound (D)
  A water moccasin (D)
  A swamp drake (D)
  An ice beast (D)
  13 orc warriors (D)
  An eye of draining (shapeshifter) (D)
  9 wolves (D)
  2 crocodiles (D)
  2 bullfrogs (D)
  2 killer bees (D)
  4 orc wizards (D)
  2 orc priests (D)
  An iguana (D)
  2 worker ants (D)
  An adder (D)
  An adder skeleton (D)
  A dart slug (D)
  A leopard gecko (D)
  13 orcs (D)
  A bat skeleton (D)
  2 goblins (D)
  A hobgoblin (D)
  A quokka (D)
  A leopard gecko zombie (D)
  A rat (D)
152 creatures vanquished.

Vanquished Creatures (others)
  A merfolk javelineer (D)
  A naga sharpshooter (D)
2 creatures vanquished.

Grand Total: 154 creatures vanquished

Notes
Turn   | Place    | Note
-------+----------+-------------------------------------------
     0 | D        | Kidiri the Minotaur Fighter began the quest for the Orb.
     0 | D        | Reached XP level 1. HP: 19/19 MP: 0/0
   123 | D        | Noticed a worker ant
   123 | D        | Noticed a worker ant
   124 | D        | Reached skill level 1 in Dodging
   124 | D        | Reached XP level 2. HP: 27/27 MP: 1/1
   136 | D        | Reached skill level 1 in Throwing
   152 | D        | Reached skill level 5 in Fighting
   152 | D        | Reached skill level 5 in Armour
   152 | D        | Reached skill level 5 in Shields
   152 | D        | Reached XP level 3. HP: 20/36 MP: 2/2
   167 | D        | Found a roughly hewn altar of Beogh.
   167 | D        | Found a snail-covered altar of Cheibriados.
   167 | D        | Found a shadowy altar of Dithmenos.
   167 | D        | Found a white marble altar of Elyvilon.
   167 | D        | Found a blossoming altar of Fedhas.
   167 | D        | Found an opulent altar of Gozag.
   168 | D        | Found a hazy altar of Hepliaklqana.
   169 | D        | Found a viscous altar of Jiyva.
   170 | D        | Found an ancient bone altar of Kikubaaqudgha.
   171 | D        | Found a corrupted altar of Lugonu.
   172 | D        | Found a burning altar of Makhleb.
   173 | D        | Found a sparkling altar of Nemelex Xobeh.
   174 | D        | Found an iron altar of Okawaru.
   175 | D        | Found a stormy altar of Qazlal.
   176 | D        | Found a sacrificial altar of Ru.
   177 | D        | Found a deep blue altar of Sif Muna.
   178 | D        | Found a bloodstained altar of Trog.
   179 | D        | Found a hide-covered altar of Uskayaw.
   180 | D        | Found a radiant altar of Vehumet.
   181 | D        | Found an ornate altar of the Wu Jian Council.
   182 | D        | Became a worshipper of Warmaster Okawaru
   280 | D        | Found a shimmering altar of Xom.
   281 | D        | Found a basalt altar of Yredelemnul.
   282 | D        | Found a glowing silver altar of Zin.
   283 | D        | Found a glowing golden altar of the Shining One.
   336 | D        | Noticed an orc warrior
   336 | D        | Noticed a hippogriff
   336 | D        | Noticed an orc warrior
   336 | D        | Noticed a bullfrog
   336 | D        | Noticed a troll
   343 | D        | Killed an orc warrior
   343 | D        | Reached skill level 5 in Long Blades
   343 | D        | Reached XP level 4. HP: 45/45 MP: 3/3
   343 | D        | Reached XP level 5. HP: 51/51 MP: 4/4
   348 | D        | Killed a hippogriff
   348 | D        | Reached * piety under Okawaru
   348 | D        | Reached XP level 6. HP: 61/61 MP: 5/5
   351 | D        | Killed an orc warrior
   354 | D        | Killed a troll
   354 | D        | Reached ** piety under Okawaru
   354 | D        | Reached skill level 5 in Dodging
   354 | D        | Reached XP level 7. HP: 70/70 MP: 6/6
   422 | D        | Noticed a purple ugly thing
   422 | D        | Noticed a two-headed ogre
   431 | D        | Killed a purple ugly thing
   431 | D        | Reached *** piety under Okawaru
   431 | D        | Reached skill level 10 in Fighting
   431 | D        | Reached skill level 5 in Throwing
   431 | D        | Reached skill level 10 in Armour
   431 | D        | Reached skill level 10 in Shields
   431 | D        | Reached XP level 8. HP: 63/79 MP: 4/7
   438 | D        | Reached skill level 10 in Long Blades
   442 | D        | Killed a two-headed ogre
   442 | D        | Received a gift from Okawaru
   448 | D        | Received a gift from Okawaru
   671 | D        | Gained mutation: You possess an exceptional clarity of mind. [potion of mutation]
   671 | D        | Gained mutation: You have large cloven feet. [potion of mutation]
   671 | D        | Gained mutation: Your magical capacity is low. (-10% MP) [potion of mutation]
   671 | D        | Gained mutation: You have a pair of large horns on your head. [potion of mutation]
   695 | D        | Noticed a komodo dragon
   695 | D        | Noticed a hippogriff
   695 | D        | Noticed a seven-headed hydra
   701 | D        | Killed a komodo dragon
   701 | D        | Reached **** piety under Okawaru
   701 | D        | Reached XP level 9. HP: 61/89 MP: 4/7
   720 | D        | Killed a ten-headed hydra
   720 | D        | Received a gift from Okawaru
   923 | D        | Noticed a rime drake
   925 | D        | Noticed a komodo dragon
   925 | D        | Killed a rime drake
   925 | D        | Reached ***** piety under Okawaru
   925 | D        | Reached XP level 10. HP: 100/100 MP: 5/8
   927 | D        | Noticed a spiny frog
   936 | D        | Killed a spiny frog
   986 | D        | Received a gift from Okawaru
  1204 | D        | Noticed Grum
  1216 | D        | Killed Grum
  1243 | D        | Noticed Erolcha
  1250 | D        | Killed Erolcha
  1250 | D        | Received a gift from Okawaru
  1285 | D        | Noticed an orc high priest
  1303 | D        | Killed an orc high priest
  1303 | D        | Received a gift from Okawaru
  1303 | D        | Reached XP level 11. HP: 74/111 MP: 4/8
  1528 | D        | Noticed an orc knight
  1542 | D        | Killed an orc knight
  1550 | D        | Received a gift from Okawaru
  1638 | D        | Found Zeriam's Antique Weapon Emporium.
  1638 | D        | Noticed an orc sorcerer
  1638 | D        | Noticed an orc knight
  1640 | D        | Noticed an orc sorcerer
  1641 | D        | Noticed an orc high priest
  1641 | D        | Found Eshafy's Antique Armour Shoppe.
  1644 | D        | Killed an orc sorcerer
  1647 | D        | Found Seargh's Magic Scroll Emporium.
  1653 | D        | Noticed an orc high priest
  1654 | D        | Killed an orc knight
  1660 | D        | Killed an orc sorcerer
  1660 | D        | Reached skill level 15 in Fighting
  1660 | D        | Reached skill level 15 in Armour
  1660 | D        | Reached skill level 10 in Dodging
  1660 | D        | Reached skill level 15 in Shields
  1664 | D        | Killed an orc high priest
  1664 | D        | Received a gift from Okawaru
  1664 | D        | Reached skill level 15 in Long Blades
  1671 | D        | Killed an orc high priest
  1691 | D        | Found Qobai's Food Shoppe.
  1696 | D        | Noticed an orc knight
  1698 | D        | Noticed an orc high priest
  1713 | D        | Noticed a sixfirhy
  1714 | D        | Killed an orc knight
  1726 | D        | Killed an orc high priest
  1738 | D        | Bought a scroll of enchant weapon for 90 gold pieces
  1741 | D        | Bought a large shield for 112 gold pieces
  1741 | D        | Bought a shiny plate armour for 650 gold pieces
  2056 | D        | Bought a glowing falchion for 144 gold pieces
  2137 | D        | Noticed Urug
  2150 | D        | Killed Urug
  2221 | D        | Found the +2 shield of Resistance {rF+ rC+ MR+}
  2252 | D        | Lost mutation: Your magical capacity is low. (-10% MP) [potion of mutation]
  2252 | D        | Lost mutation: You have a pair of large horns on your head. [potion of mutation]
  2252 | D        | Lost mutation: You possess an exceptional clarity of mind. [potion of mutation]
  2252 | D        | Gained mutation: Your flesh is heat resistant. (rF+) [potion of mutation]
  2252 | D        | Gained mutation: You are clumsy. (Dex -2) [potion of mutation]
  2252 | D        | Lost mutation: You are clumsy. (Dex -2) [potion of mutation]
  2271 | D        | Noticed a cyan ugly thing
  2271 | D        | Noticed a two-headed ogre
  2271 | D        | Noticed a cyan ugly thing
  2273 | D        | Noticed a purple ugly thing
  2282 | D        | Killed a cyan ugly thing
  2287 | D        | Noticed a wizard
  2295 | D        | Killed a two-headed ogre
  2300 | D        | Killed a cyan ugly thing
  2303 | D        | Noticed a fire giant
  2310 | D        | Killed a purple ugly thing
  2310 | D        | Reached skill level 10 in Throwing
  2310 | D        | Reached XP level 12. HP: 91/122 MP: 6/11
  2317 | D        | Noticed an ice dragon
  2324 | D        | Noticed a stone giant
  2328 | D        | Noticed a stone giant
  2329 | D        | Killed a fire giant
  2338 | D        | Killed an ice dragon
  2352 | D        | Killed a stone giant
  2352 | D        | Received a gift from Okawaru
  2360 | D        | Killed a stone giant
  2715 | D        | Noticed Donald
  2724 | D        | Killed Donald
  2724 | D        | Received a gift from Okawaru
  2853 | D        | Noticed a naga warrior
  2870 | D        | Killed a naga warrior
  3043 | D        | Noticed a merfolk impaler
  3043 | D        | Noticed a merfolk javelineer
  3043 | D        | Noticed a merfolk javelineer
  3048 | D        | Killed a merfolk impaler
  3049 | D        | Killed a merfolk javelineer
  3049 | D        | Reached XP level 13. HP: 122/134 MP: 4/12
  3054 | D        | Killed a merfolk javelineer
  3129 | D        | Noticed a spark wasp
  3135 | D        | Killed a spark wasp
  3201 | D        | Received a gift from Okawaru
  3202 | D        | Got a scorched falchion {god gift}
  3203 | D        | Identified the +7 falchion "Jonahau" {slice, *Drain +Blink +Rage rC++} (Okawaru gifted it to you in the Dungeon)
  3310 | D        | Noticed Snorg
  3317 | D        | Killed Snorg
  3385 | D        | Noticed a fire dragon
  3385 | D        | Noticed a frost giant
  3398 | D        | Killed a fire dragon
  3400 | D        | Noticed a fire giant
  3405 | D        | Noticed a fire giant
  3408 | D        | Noticed a lich
  3417 | D        | Killed a frost giant
  3422 | D        | Noticed a fire dragon
  3424 | D        | Noticed a fire dragon
  3447 | D        | Killed a fire giant
  3447 | D        | Received a gift from Okawaru
  3451 | D        | Noticed a white very ugly thing
  3455 | D        | Killed a fire giant
  3455 | D        | Reached skill level 1 in Invocations
  3457 | D        | HP: 6/138 [lich/crystal spear (37)]
  3468 | D        | Killed from afar by a lich

Vault maps used:
D:        linesprint

Skill      XL: |  1  2  3  4  5  6  7  8  9 10 11 12 13 |
---------------+----------------------------------------+-----
Fighting       | 4 5 6 8 9 10 11 12 14 16 17 19 | 19.4
Armour         | 4 5 6 8 9 10 11 12 14 16 17 19 | 19.4
Shields        | 4 5 6 8 9 10 11 12 14 16 17 19 | 19.4
Long Blades    | 3 4 5 7 9 11 12 14 16 17 19 | 19.3
Dodging        | 1 3 4 5 6 7 8 9 10 12 13 | 13.2
Throwing       | 1 2 3 4 5 6 7 8 10 11 12 | 12.3
Invocations    | 1 |  1.1
Evocations     | |  0.9

Action                   |  1- 3 |  4- 6 |  7- 9 | 10-12 | 13-15 || total
-------------------------+-------+-------+-------+-------+-------++-------
Melee: Long sword        |    41 |       |       |       |       ||    41
       Headbutt          |    16 |     2 |    21 |    72 |    37 ||   148
       Scimitar          |     5 |    11 |    57 |   267 |    34 ||   374
       Falchion          |       |       |       |       |    72 ||    72
Throw: Javelin           |       |       |     2 |    14 |    12 ||    28
       Tomahawk          |       |       |       |     4 |     1 ||     5
Invok: Heroism           |       |       |     4 |    15 |     6 ||    25
       Finesse           |       |       |       |    11 |     5 ||    16
  Use: Potion            |     3 |       |     3 |     7 |       ||    13
       Scroll            |       |       |       |     4 |     2 ||     6
  Eat: Chunk             |       |       |       |     7 |     1 ||     8
Armor: Scale mail        |    13 |       |       |       |       ||    13
       Chain mail        |     1 |     5 |    11 |    15 |       ||    32
       Plate armour      |       |       |       |    36 |    19 ||    55
Dodge: Dodged            |    12 |     3 |    16 |    60 |    23 ||   114
Block: Shield            |    23 |     6 |    33 |    77 |    36 ||   175
       Buckler           |       |       |       |    18 |       ||    18
       Reflection        |       |       |       |     5 |     1 ||     6
       Rpst.: Long sword |     4 |       |       |       |       ||     4
       Scimitar          |       |     1 |     2 |    13 |     1 ||    17

Table legend:
 A = Spawn XP
 B = Non-spawn XP
 C = Spawn XP percentage of total XP
 D = Spawn monster count
 E = Non-spawn monster count
 F = Spawn count percentage of total count
 G = Total turns spent on level
                    A         B        C        D         E        F      G
               +---------+---------+-------+---------+---------+-------+---------
         Total |       0 |   58985 |   0.0 |       0 |     154 |   0.0 |  3468
               +---------+---------+-------+---------+---------+-------+---------
             D |       0 |   58985 |   0.0 |       0 |     154 |   0.0 |  3468
               +---------+---------+-------+---------+---------+-------+---------
